Map: Prion Terraces

Players

FireCake

  • Race: Zerg Zerg
  • League: Master

MaSa - Winner!

  • Race: Terran Terran

Event: Gauntlet Monday Night

VOD

Have the link to the VOD?

Description

Time

  • Played on: Jan. 4, 2016, 12:26 p.m.
  • Length: 11:05

All games in this series

Show
View Real Time Build Order
Export as new Build Order

FireCake Zerg 

Build Orders: Pool First, Roach Nydus 

Get SALT Encoding   

  12  0:01  Drone  
  13  0:08  Drone  
  14  0:17  Overlord  
  14  0:22  Extractor  
  14  0:23  Drone  
  15  0:35  Drone x2  
  17  0:44  Spawning Pool  
  17  0:47  Drone  
  17  0:52  Extractor  
  17  0:54  Drone  
  17  1:05  Drone  
  18  1:17  Hatchery  
  17  1:31  Queen  
  17  1:32  Zergling x2  
  20  1:34  Drone  
  20  1:38  Drone  
  22  1:48  Overlord  
  22  1:58  Roach Warren  
  21  2:06  Queen  
  23  2:12  Drone  
  24  2:40  Roach x3  
  24  2:41  Roach  
  24  2:42  Roach x2  
  35  2:47  Overlord  
  35  2:53  Overlord  
  35  3:04  Drone  
  36  3:09  Drone x3  
  39  3:17  Drone x3  
  42  3:23  Drone x2  
  44  3:27  Overlord  
  44  3:30  Drone  
  45  3:42  Lair  
  45  3:43  Drone x2  
  45  3:45  Drone  
  48  3:48  Extractor  
  48  3:49  Extractor  
  46  4:01  Drone x5  
  46  4:02  Drone x2  
  53  4:09  Overlord  
  53  4:14  Queen  
  53  4:16  Overlord  
  55  4:23  Overlord  
  55  4:32  Roach  
  55  4:33  Roach x2  
  61  4:40  Nydus Network  
  61  4:43  Roach  
  61  4:44  Roach  
  64  4:49  Roach x2  
  64  4:52  Overseer  
  68  4:53  Roach  
  68  4:59  Roach x2  
  74  5:03  Overlord  
  74  5:14  Roach x3  
  80  5:18  Nydus Canal  
  80  5:23  Roach x3  
  86  5:30  Roach  
  86  5:31  Roach  
  90  5:42  Glial Reconstitution  
  80  5:48  Drone x5  
  81  5:57  Evolution Chamber x2  
  81  6:03  Hatchery  
  78  6:05  Drone x2  
  80  6:13  Drone  
  80  6:14  Drone  
  80  6:17  Queen  
  84  6:23  Overlord  
  84  6:24  Zerg Missile Weapons Level 1  
  84  6:29  Overlord  
  84  6:30  Overlord, Extractor  
  83  6:35  Zerg Ground Armor Level 1  
  83  6:41  Drone x2  
  83  6:44  Drone  
  86  6:51  Overlord  
  86  6:54  Queen  
  86  6:55  Queen  
  86  7:01  Evolution Chamber  
  86  7:10  Drone x4  
  88  7:21  Drone  
  88  7:22  Drone x2  
  91  7:30  Drone  
  91  7:31  Drone x4  
  96  7:37  Queen  
  96  7:40  Overseer  
  96  7:43  Drone x2  
  100  7:48  Extractor  
  100  7:49  Extractor  
  98  7:51  Drone x3  
  101  8:05  Drone x2  
  103  8:06  Drone  
  103  8:07  Spire  
  103  8:10  Hatchery  
  102  8:19  Zerg Missile Weapons Level 2  
  99  8:20  Drone  
  99  8:21  Drone x3  
  101  8:29  Drone x6  
  105  8:36  Zerg Ground Armor Level 2  
  105  8:43  Drone x5  
  110  8:48  Spine Crawler  
  110  8:50  Overlord  
  110  8:54  Roach  
  110  8:55  Roach  
  113  9:02  Queen  
  113  9:07  Roach  
  113  9:08  Roach x2  
  121  9:10  Overlord  
  121  9:15  Pneumatized Carapace  
  121  9:27  Mutalisk x6  
  121  9:28  Mutalisk  
  121  9:29  Mutalisk  
  129  9:41  Overlord x3, Roach  
  127  9:53  Hatchery  
  118  10:04  Roach x7  
  132  10:15  Drone x5  
  132  10:19  Drone x2  
  132  10:20  Drone x4  
  143  10:22  Spore Crawler  
  143  10:23  Ravager  
  143  10:24  Ravager x4  
  147  10:28  Roach  
  147  10:29  Roach  
  147  10:34  Infestation Pit  
  150  10:36  Roach  
  150  10:40  Ravager  
  153  10:43  Overlord x2  
  153  10:44  Overlord  
Show
View Real Time Build Order
Export as new Build Order

MaSa Terran - Winner!

Build Orders: MMM Bio 

Get SALT Encoding   

  12  0:01  SCV  
  13  0:13  SCV  
  14  0:16  Supply Depot  
  14  0:25  SCV  
  15  0:38  SCV  
  15  0:39  Barracks  
  16  0:44  Refinery  
  16  0:50  SCV  
  17  0:58  Barracks  
  17  1:02  SCV  
  18  1:14  SCV  
  18  1:18  Barracks  
  19  1:26  Reaper  
  20  1:34  Orbital Command  
  20  1:43  Refinery  
  20  1:45  Reaper  
  21  1:51  Supply Depot  
  21  1:59  SCV  
  22  2:03  Reaper  
  23  2:13  SCV  
  23  2:15  Reaper  
  25  2:24  Reaper  
  25  2:25  SCV  
  27  2:37  SCV  
  28  2:48  Command Center  
  28  2:49  SCV  
  28  2:50  Reaper  
  30  3:00  Reaper  
  30  3:01  Supply Depot  
  30  3:02  Barracks Tech Lab  
  31  3:13  Bunker  
  31  3:23  SCV, Stimpack  
  32  3:33  Barracks Reactor  
  33  3:35  Barracks Reactor  
  33  3:36  SCV  
  33  3:46  Command Center  
  33  3:49  SCV  
  34  4:01  SCV  
  34  4:02  Marine  
  37  4:07  Orbital Command  
  36  4:12  Factory  
  36  4:13  SCV  
  37  4:19  Marine  
  38  4:24  Marine x2  
  38  4:25  SCV  
  38  4:29  Marine  
  42  4:34  Supply Depot  
  42  4:35  SCV  
  42  4:37  SCV  
  42  4:38  Marauder  
  46  4:43  Marine x2  
  46  4:45  Marine  
  49  4:47  SCV  
  49  4:50  SCV  
  49  4:52  Marine  
  52  4:58  Starport, Factory Reactor  
  52  4:59  Marine  
  53  5:07  SCV x2, Orbital Command  
  52  5:08  Marine  
  52  5:11  Marine x2  
  57  5:15  Supply Depot  
  57  5:19  SCV  
  58  5:24  Marine x2  
  58  5:26  Marine  
  61  5:29  SCV  
  62  5:37  Liberator  
  62  5:38  Marine x2  
  62  5:39  SCV  
  62  5:41  SCV  
  58  5:44  SCV  
  58  5:46  Factory Tech Lab  
  58  5:47  Combat Shields  
  58  5:49  Medivac  
  60  5:51  Supply Depot  
  63  5:59  SCV, Refinery x2  
  63  6:01  Marine  
  63  6:02  Marine  
  66  6:04  SCV  
  66  6:05  SCV  
  66  6:06  Marine  
  66  6:11  SCV, Marine x2  
  69  6:16  SCV  
  69  6:17  SCV  
  73  6:19  Marine  
  73  6:22  Marine  
  73  6:23  SCV, Marine, Supply Depot  
  77  6:27  Siege Tank  
  77  6:29  Marine  
  77  6:30  Marine  
  82  6:32  Medivac  
  82  6:39  Marine x2  
  85  6:41  Marine  
  85  6:44  Supply Depot  
  87  6:47  Medivac  
  87  6:49  SCV x3  
  87  6:51  Marine x2  
  87  6:53  Supply Depot  
  93  6:54  Liberator  
  93  6:57  Marine x2  
  95  7:06  SCV  
  96  7:09  Liberator, Marine x3  
  96  7:10  SCV  
  96  7:11  Siege Tank  
  106  7:19  Marine x2  
  106  7:20  SCV  
  108  7:27  Marine  
  111  7:31  Orbital Command  
  111  7:35  Supply Depot  
  111  7:37  Engineering Bay x2  
  111  7:43  Siege Tank  
  114  7:53  Barracks x2  
  114  7:54  Medivac  
  114  7:57  SCV x2  
  114  7:58  SCV  
  119  8:04  Marine x3  
  119  8:05  Marine x2  
  124  8:09  SCV  
  124  8:11  Supply Depot  
  125  8:15  SCV, Medivac  
  128  8:22  Marine x4  
  128  8:26  Siege Tank, Marine  
  133  8:28  Refinery  
  133  8:33  SCV x2  
  135  8:38  Terran Infantry Weapons Level 1, Terran Infantry Armor Level 1, Barracks  
  135  8:39  Barracks  
  135  8:40  Marine x2  
  135  8:41  Supply Depot  
  135  8:42  Marine x2  
  135  8:43  Barracks Reactor x2  
  135  8:45  SCV x2  
  139  8:52  Marauder  
  141  8:59  Refinery  
  141  9:03  Supply Depot, SCV x2, Medivac x2  
  141  9:04  Supply Depot x2, Marine x2  
  149  9:12  Factory  
  149  9:20  Supply Depot  
  149  9:24  Siege Tank, Marine x5  
  149  9:25  Marine x2  
  149  9:26  Barracks Tech Lab x2  
  149  9:29  Supply Depot x2  
  149  9:30  Marine x2  
  161  9:35  Medivac  
  160  9:42  Marauder, Marine x4  
  160  9:46  Medivac  
  160  9:47  Concussive Shells, Marauder  
  160  9:49  Marine  
  165  9:55  Armory  
  165  10:03  Marine x2  
  165  10:04  Marauder  
  165  10:05  Medivac  
  171  10:12  Marauder, Marine x3  
  171  10:14  Missile Turret  
  176  10:15  Missile Turret  
  176  10:29  Factory Tech Lab  
  176  10:31  Marine x4  
  176  10:32  Command Center, Marine, Marauder  
  183  10:37  Marine x3  
Tags
 
Add a new tag
Caveats
  • Supply blocks, unpowered buildings, or Contaminate may cause inaccurate times.
  • Supply counts are checked every 10 seconds.